 Dungeon Crawl Stone Soup version 0.21-a0-442-g848f44b (webtiles) character file.

95 4thArraOfDagon the Digger (level 4, -1/24 HPs)
             Began as a Kobold Earth Elementalist on Nov 13, 2017.
             Was an Initiate of Cheibriados.
             Slain by Sigmund
             ... wielding a +0 scythe
              (10 damage)
             ... on level 3 of the Dungeon.
             The game lasted 00:04:36 (970 turns).

4thArraOfDagon the Digger (KoEE)                     Turns: 970, Time: 00:04:36

Health: -1/24      AC:  2    Str:  6    XL:     4   Next: 95%
Magic:  7/7        EV: 15    Int: 18    God:    Cheibriados [......]
Gold:   5          SH:  0    Dex: 16    Spells: 6/7 levels left

rFire    . . .     SeeInvis .     - Unarmed
rCold    . . .     Gourm    .   (shield restricted)
rNeg     . . .     Faith    .   c - +0 robe
rPois    .         Spirit   .   (no helmet)
rElec    .         Reflect  .   (no cloak)
rCorr    .         Harm     .   (no gloves)
MR       .....                  (no boots)
Stlth    +.........             (no amulet)
HPRegen  0.08/turn              (no ring)
MPRegen  0.10/turn              (no ring)

@: confused, very slow
A: carnivore 3
a: Bend Time, Renounce Religion


You were on level 3 of the Dungeon.
You worshipped Cheibriados.
Cheibriados was noncommittal.
You were very full.

You visited 2 branches of the dungeon, and saw 6 of its levels.

You collected 110 gold pieces.
You spent 105 gold pieces at shops.

Inventory:

Missiles
 b - 7 stones (quivered)
Armour
 c - a +0 robe (worn)
Scrolls
 f - a scroll of blinking
 h - a scroll of identify
Potions
 a - a potion of flight
Books
 e - a book of Geomancy

   Spells                             Type                      Level
   a - Sandblast                      Earth                        1
   b - Passwall                       Transmutation/Earth          2
   c - Stone Arrow                    Conjuration/Earth            3
   d - Petrify                        Transmutation/Earth          4
   e - Lee's Rapid Deconstruction     Earth                        5
Comestibles
 d - a meat ration


   Skills:
 + Level 0.1 Fighting
 - Level 2.4 Dodging
 - Level 2.6 Stealth
 * Level 3.2 Unarmed Combat
 - Level 2.1 Spellcasting
   Level 1.0 Transmutations
 - Level 3.8 Earth Magic


You had 6 spell levels left.
You knew the following spells:

 Your Spells              Type           Power        Failure   Level  Hunger
a - Sandblast             Erth           ###...       3%          1    #......


Dungeon Overview and Level Annotations

Branches:
Dungeon (5/15)             Temple (1/1) D:4

Altars:
Ashenzari
Cheibriados
Dithmenos
Elyvilon
Fedhas
Kikubaaqudgha
Nemelex Xobeh
Okawaru
Qazlal
Sif Muna
Vehumet
Wu Jian
Xom
Yredelemnul
Zin

Shops:
D:4 ?

Annotations:
D:3 Sigmund
D:5 Prince Ribbit


Innate Abilities, Weirdness & Mutations

You are small and have problems with some larger weapons.
You are carnivorous and can eat meat at any time.


Message History

You hear some strange, mumbled words.
You are more confused.
Unknown command.
You're too confused to move!
Unknown command.
You bump into the rock wall.
The bat closely misses you.
Unknown command.
Something hits you!
Unknown command.
You bump into the rock wall.
Something hits you!
* * * LOW HITPOINT WARNING * * *
Unknown command.
You feel much better.
Unknown command.
Something hits you!
Unknown command.
You're too confused to move!
Something hits you.
Unknown command.
Something hits you!
You die...

#. #. #. #. #@ ##### #. #...
##.#.#.######o###############
............ob{.@......>....#
#.##.#.######o#.#######.#.#.#
#. #.#.# #....#.#.# #o
#.#.####.##.#.#.# #.
#.#......##.#.#.##### #o
#.#......##.#.#.#.... #.
#.##.....##.#.#...... #o
..##.....##.#.###.###
####.....##.#.. #.# #


You could see an orc wizard, 2 orcs and a bat.

Vanquished Creatures
  2 hounds (D:4)
  A worker ant (D:4)
  2 orcs (D:4)
  A ball python (D:2)
  3 giant cockroaches
  2 jackals (D:1)
  2 kobolds (D:1)
  A fungus (D:1)
14 creatures vanquished.

Notes
Turn   | Place    | Note
-------+----------+-------------------------------------------
     0 | D:1      | 4thArraOfDagon the Kobold Earth Elementalist began the quest for the Orb.
     0 | D:1      | Reached XP level 1. HP: 10/10 MP: 3/3
   185 | D:2      | Reached skill level 1 in Unarmed Combat
   352 | D:3      | Reached XP level 2. HP: 6/15 MP: 1/5
   497 | D:4      | Reached XP level 3. HP: 12/19 MP: 2/6
   635 | D:5      | Entered Level 5 of the Dungeon
   635 | D:5      | Noticed Prince Ribbit
   644 | D:4      | Found Xooq's Magic Scroll Shoppe.
   690 | D:4      | Reached XP level 4. HP: 14/24 MP: 0/7
   752 | D:4      | Found a sparkling altar of Nemelex Xobeh.
   780 | D:4      | Bought a scroll of blinking for 105 gold pieces
   788 | D:4      | Found a staircase to the Ecumenical Temple.
   794 | Temple   | Entered the Ecumenical Temple
   827 | Temple   | Became a worshipper of Cheibriados the Contemplative
   951 | D:3      | Noticed Sigmund
   970 | D:3      | Slain by Sigmund

Vault maps used:
D:1:      tarquinn_simple_flora_water_e, solitary_fountain,
          minmay_gold_behind_fungi
D:2:      first_bread, kennysheep_generic_room_10, uniq_crazy_yiuf_cottage,
          uniq_jessica
D:3:      cheibrodos_thug_alley, nemelex_lonely_heart_becter, uniq_sigmund
D:4:      minmay_temple_entry_hall, serial_shops, nicolae_shop_waterfront,
          nemelex_diamond_rough_becter, uniq_blork_the_orc
D:5:      nicolae_gozag_seed_capital, serial_shops, shop, uniq_menkaure,
          uniq_prince_ribbit1
Temple:   kilobyte_greek_temple

Skill      XL: |  1  2  3  4 |
---------------+-------------+-----
Unarmed Combat | 1 2 3 |  3.2
Fighting       | |  0.1
Dodging        | |  2.4
Stealth        | |  2.6
Spellcasting   | |  2.1
Transmutations | |  1.0
Earth Magic    | |  3.8

Action                   |  1- 3 |  4- 6 || total
-------------------------+-------+-------++-------
Melee: Unarmed           |    64 |     1 ||    65
       Punch             |     1 |       ||     1
 Cast: Sandblast         |    21 |     7 ||    28
  Use: Scroll            |     3 |       ||     3
       Potion            |       |     1 ||     1
 Stab: Sleeping          |     1 |       ||     1
  Eat: Chunk             |     6 |     2 ||     8
Armor: Robe              |     6 |     4 ||    10
Dodge: Dodged            |    26 |    14 ||    40

Table legend:
 A = Spawn XP
 B = Non-spawn XP
 C = Spawn XP percentage of total XP
 D = Spawn monster count
 E = Non-spawn monster count
 F = Spawn count percentage of total count
 G = Total turns spent on level
                    A         B        C        D         E        F      G
               +---------+---------+-------+---------+---------+-------+---------
         Total |       0 |     136 |   0.0 |       0 |      13 |   0.0 |   970
               +---------+---------+-------+---------+---------+-------+---------
           D:1 |       0 |       6 |   0.0 |       0 |       4 |   0.0 |   151
           D:2 |       0 |       2 |   0.0 |       0 |       1 |   0.0 |   180
           D:3 |       0 |       4 |   0.0 |       0 |       2 |   0.0 |   198
           D:4 |       0 |     124 |   0.0 |       0 |       6 |   0.0 |   373
               +---------+---------+-------+---------+---------+-------+---------
